 Dungeon Crawl Stone Soup version 0.30-a0-782-ge64f9170bb (webtiles) character file.

Game seed: 6876730352894464097

112 mopl the Trooper (level 4, -1/29 HPs)
             Began as a Gargoyle Fighter on Mar 1, 2023.
             Slain by an orc
             ... wielding a +0 flail
              (7 damage)
             ... on level 3 of the Dungeon.
             The game lasted 00:01:41 (1500 turns).

mopl the Trooper (Gargoyle Fighter)                 Turns: 1500, Time: 00:01:41

Health: -1/29      AC: 14    Str: 20    XL:     4   Next: 93%
Magic:  4/4        EV:  7    Int:  8    God:
Gold:   100        SH:  4    Dex: 11    Spells: 3/3 levels left

rFire   . . .      SeeInvis .    a - +0 flail
rCold   . . .      Faith    .    c - +0 buckler
rNeg    + . .      Spirit   .    j - +0 chain mail
rPois   ∞          Reflect  .    (no helmet)
rElec   +          Harm     .    (no cloak)
rCorr   .          Rampage  .    (no gloves)
Will    .....                    n - +0 pair of boots Stlth
                                 (no amulet)
HPRegen 0.24/turn                (no ring)
MPRegen 0.09/turn                (no ring)

@: no status effects
A: sickness immunity, AC +3, negative energy resistance 1, electricity
resistance, torment resistance 1, petrification resistance
a: no special abilities


You were on level 3 of the Dungeon.
You visited 1 branch of the dungeon, and saw 3 of its levels.

You collected 100 gold pieces.

Inventory:

Hand Weapons
 a - a +0 flail (weapon)
Armour
 c - a +0 buckler (worn)
 j - a +0 chain mail (worn)
 n - a +0 pair of boots (worn)
Wands
 m - a wand of charming (8)
Scrolls
 e - 2 scrolls of enchant weapon {unknown}
 f - 2 scrolls of blinking {unknown}
 g - 5 scrolls of identify {unknown}
 h - 2 scrolls of amnesia {unknown}
 o - a scroll of teleportation {unknown}
Potions
 b - 4 potions of flight {unknown}
 d - 3 potions of might
 i - a potion of lignification {unknown}
 k - a potion of attraction {unknown}
 l - a potion of degeneration {unknown}


   Skills:
 + Level 3.9 Fighting
 * Level 3.4 Maces & Flails
 + Level 3.9 Armour
 + Level 1.3 Dodging
 - Level 3.2 Shields


You had 3 spell levels left.
You didn't know any spells.
Your spell library contained the following spells:

 Spells                   Type           Power      Damage    Failure   Level
 Summon Small Mammal      Summ           0%         N/A       99%         1
 Blink                    Tloc           0%         N/A       100%        2
 Lesser Beckoning         Tloc           0%         N/A       100%        2
 Momentum Strike          Conj/Tloc      0%         3d8       100%        2
 Call Canine Familiar     Summ           0%         N/A       100%        3
 Summon Guardian Golem    Hex/Summ       0%         N/A       100%        3


Dungeon Overview and Level Annotations

Branches:
Dungeon (3/15)

Altars:


Innate Abilities, Weirdness & Mutations

You are immune to sickness and miasma.
Your stone body is resilient. (AC +3)
You are immune to poison.
You resist negative energy. (rN+)
You are resistant to electric shocks. (rElec)
You are resistant to unholy torment.
You are immune to petrification.


Message History

You finish putting on your +0 pair of boots.
o - a scroll labelled EQAULOPE BUURGHOT A giant cockroach comes into view.
No target in view!
No target in view!
A giant cockroach is nearby!
The giant cockroach bites you but does no damage.
You sock the giant cockroach!
You kill the giant cockroach!
No target in view!
No target in view!
Found an escape hatch in the ceiling.
A ball python comes into view.
The ball python hisses angrily.
A ball python is nearby!
You hit the ball python.
You kill the ball python!
No target in view!
Found a stone staircase leading up.
Found a stone.
No target in view!
You now have 100 gold pieces (gained 10).
An orc and an orc priest come into view.
The orc shouts!
There are monsters nearby!
An orc comes into view. It is wielding a +0 trident.
The orc priest calls down the wrath of Beogh upon you.
Beogh smites you!
The orc priest mumbles some strange prayers to Beogh against you.
Beogh smites you!
* * * LOW HITPOINT WARNING * * *
The orc hits you with a +0 flail.
* * * LOW HITPOINT WARNING * * *
The orc attacks as you move away! The orc closely misses you.
The orc attacks as you move away! The orc hits you but does no damage.
The orc attacks as you move away! The orc barely misses you.
The orc attacks as you move away! The orc hits you but does no damage.
The orc attacks as you move away! The orc hits you but does no damage.
The orc attacks as you move away! The orc hits you with a +0 flail!
You die...

...........#....#.......######...
#........#[#.##.#.##....#........
....######.#.<#.#..............$.
#.#.##...#.#....######....#####..
#.#.##.#.#.#....#....#o...####
#.#.##.#..<#....#o##.#.##......
#.#.##.###.#..#.#.##.#.........
#.#.##...#.#..#.#o##..........#
................@..(............
#.#......#.####.#.###########.##
†................... .#
..#...............###
..#.#.....#########
#.#.#.####........ #.#.#.#
#........ #.#.#.####........
..#.#.............


You could see 2 orcs.

Vanquished Creatures
  5 adders
  A gnoll (D:1)
  8 endoplasms
  3 giant cockroaches
  4 goblins
  6 hobgoblins
  2 jackals (D:2)
  3 quokkas
  7 ball pythons
  5 bats
  A frilled lizard (D:1)
  4 kobolds
  5 rats
54 creatures vanquished.

Notes
Turn   | Place    | Note
-------+----------+-------------------------------------------
     0 | D:1      | mopl the Gargoyle Fighter began the quest for the Orb.
     0 | D:1      | Reached XP level 1. HP: 14/14 MP: 1/1
   288 | D:1      | Reached XP level 2. HP: 17/19 MP: 2/2
   501 | D:1      | Reached XP level 3. HP: 18/23 MP: 3/3
   700 | D:2      | Reached skill level 1 in Dodging
   743 | D:2      | Reached skill level 3 in Maces & Flails
   743 | D:2      | Reached XP level 4. HP: 29/29 MP: 4/4
  1500 | D:3      | Slain by an orc

Illustrated notes

Levels and vault maps discovered:
D:1:      co_arrival_square_in_a_square_in_a_square, layout_rooms
D:2:      layout_loops_cross, minmay_misc_feat_roman, nrook_mini_vaults,
          kennysheep_generic_room_16
D:3:      layout_basic, minmay_cupped

Skill      XL: |  1  2  3 |
---------------+----------+-----
Dodging        | 1 |  1.3
Maces & Flails | 3 |  3.4
Fighting       | |  3.9
Armour         | |  3.9
Shields        | |  3.2

Action                     |  1- 3 |  4- 6 || total
---------------------------+-------+-------++-------
  Melee: Flail             |    94 |    76 ||   170
 Armour: Scale mail        |    47 |       ||    47
         Chain mail        |     5 |    86 ||    91
  Dodge: Dodged            |    39 |    40 ||    79
  Block: Buckler           |    23 |    23 ||    46

Table legend: (Time is in decaauts)
 A = Elapsed time spent in this place.
 B = Non-inter-level travel time spent in this place.
 C = Inter-level travel time spent in this place.
 D = Time resting spent in this place.
 E = Time spent auto-exploring this place.
 F = Levels seen in this place.
 G = Mean time per level.
                   A        B        C        D        E       F      G
               +--------+--------+--------+--------+--------+-----+--------+
         Total |   1549 |   1526 |     23 |    135 |    962 |   3 |  516.3 |
       Dungeon |   1549 |   1526 |     23 |    135 |    962 |   3 |  516.3 |
               +--------+--------+--------+--------+--------+-----+--------+

Top non-repeatable levels by time:
     D:2: 725 daAuts
     D:1: 580 daAuts
     D:3: 243 daAuts
